 Dungeon Crawl Stone Soup version 0.24.0-41-g2ae2f7f1be (webtiles) character file.

Game seed: 17789885880296613012, levelgen mode: deterministic

1418 ReteAZ the Skirmisher (level 8, -3/80 HPs)
             Began as a Deep Dwarf Fighter on Dec 10, 2019.
             Was an Initiate of Makhleb.
             Slain by an ogre
             ... wielding a +0 giant club
              (17 damage)
             ... on level 6 of the Dungeon.
             The game lasted 00:19:21 (4953 turns).

ReteAZ the Skirmisher (Deep Dwarf Fighter)          Turns: 4953, Time: 00:19:22

Health: -3/80      AC: 12    Str: 31    XL:     8   Next: 43%
Magic:  20/20 (11) EV:  7    Int:  9    God:    Makhleb [......]
Gold:   278        SH: 10    Dex:  9    Spells: 7/7 levels left

rFire    x . .     SeeInvis .   z - +6 dagger "Yvadec" {pierce, +Fly MP+9 Str+4 Dex-3}
rCold    + + .     Gourm    .   c - +0 shield
rNeg     . . .     Faith    .   D - +1 ice dragon scales
rPois    .         Spirit   .   (no helmet)
rElec    .         Reflect  .   e - +0 cloak
rCorr    .         Harm     .   (no gloves)
MR       +....                  (no boots)
Stlth    ..........             y - amulet of rage
HPRegen  0.00/turn              g - ring of stealth
MPRegen  0.17/turn              C - ring of the Marlin {Str+5 Stlth-}

@: non-regenerating, lightly drained
A: damage resistance, heal wounds, sense surroundings 1, no regeneration
a: Heal Wounds, Renounce Religion, Evoke Berserk Rage, Evoke Flight


You were on level 6 of the Dungeon.
You worshipped Makhleb.
Makhleb was noncommittal.
You were not hungry.

You visited 2 branches of the dungeon, and saw 7 of its levels.

You collected 278 gold pieces.

Inventory:

Hand Weapons
 a - a +0 war axe
 x - a +3 whip of electrocution
 z - the +6 dagger "Yvadec" (weapon) {pierce, +Fly MP+9 Str+4 Dex-3}
   (You found it on level 6 of the Dungeon)

   It inflicts extra damage upon your enemies.
   It affects your strength (+4).
   It affects your dexterity (-3).
   It affects your magic capacity (+9).
   It lets you fly.
Missiles
 q - 5 silver boomerangs
 r - 129 stones
 t - a throwing net (quivered)
 u - 3 javelins
Armour
 b - a +0 scale mail
 c - a +0 shield (worn)
 e - a +0 cloak (worn)
 D - +1 ice dragon scales (worn)
Jewellery
 g - a ring of stealth (left hand)
 y - an amulet of rage (around neck)
 C - the ring of the Marlin (right hand) {Str+5 Stlth-}
   (You found it on level 5 of the Dungeon)

   [ring of attention]

   It affects your strength (+5).
   It makes you less stealthy.
Wands
 E - a wand of disintegration (14)
Scrolls
 i - 2 scrolls of enchant weapon
 m - a scroll of teleportation
 n - 4 scrolls of identify
 o - 5 scrolls of remove curse
Potions
 d - a potion of might
 h - 2 potions of lignification
 j - 3 potions of mutation
 k - a potion of berserk rage {unknown}
 p - 4 potions of heal wounds
 s - a potion of invisibility {unknown}
 v - 2 potions of flight {unknown}
 w - a potion of magic {unknown}
 B - 2 potions of curing
Comestibles
 f - 8 rations


   Skills:
 * Level 7.3(6.9) Fighting
 - Level 6.5(6.1) Axes
 - Level 4.3(4.0) Armour
 - Level 3.3(2.9) Shields
 - Level 4.6(4.2) Evocations


You had 7 spell levels left.
You didn't know any spells.
Your spell library contained the following spells:

 Spells                   Type           Power        Failure   Level  Hunger
 Sting                    Conj/Pois      #...         99%         1    ##.....
 Summon Small Mammal      Summ           #...         99%         1    ##.....
 Call Imp                 Summ           #.......     100%        2    ###....
 Poisonous Vapours        Pois/Air       #.....       100%        2    ###....
 Call Canine Familiar     Summ           #.......     100%        3    ####...
 Mephitic Cloud           Conj/Pois/Air  #.......     100%        3    ####...
 Summon Guardian Golem    Hex/Summ       #.......     100%        3    ####...
 Olgreb's Toxic Radiance  Pois           #.......     100%        4    #####..
 Summon Ice Beast         Ice/Summ       #.......     100%        4    #####..
 Summon Lightning Spire   Summ/Air       #.......     100%        4    #####..
 Venom Bolt               Conj/Pois      #.........   100%        5    ######.


Dungeon Overview and Level Annotations

Branches:
Dungeon (6/15)             Temple (1/1) D:6

Altars:
Ashenzari
Cheibriados
Dithmenos
Elyvilon
Fedhas
Gozag
Hepliaklqana
Kikubaaqudgha
Makhleb
Nemelex Xobeh
Qazlal
Ru
Sif Muna
Uskayaw
Vehumet
Wu Jian
Xom
Yredelemnul
Zin
The Shining One

Shops:
D:4 *


Innate Abilities, Weirdness & Mutations

You are resistant to damage.
You can heal yourself by infusing magical energy.
You passively map a small area around you.
You do not regenerate.


Message History

Throwing (i - inventory. (/) - cycle)
t - 2 throwing nets (quivered)
Press: ? - help, Shift-Dir - straight line, f - ogre
Aim: an ogre, wielding a +0 giant club You throw a throwing net.
The throwing net hits the ogre.
The ogre is caught in the net!
The ogre struggles against the net.
The ogre struggles against the net.
You hit the ogre.
The ogre is lightly wounded.
The ogre struggles against the net. x2
You puncture the ogre!
The ogre is heavily wounded.
The ogre struggles against the net.
You puncture the ogre!
The ogre is severely wounded.
The ogre struggles against the net.
The net rips apart, and the ogre comes free!
You hit the ogre.
The ogre is almost dead.
The ogre hits you with a +0 giant club!!
You die...

##'#############............##...
.....#.# #............#####
....##.#########.................
....'.................####....###
....##.#######........# #..##.# #
....##.# #........# #..##.# #
....##'#######........# #..##.# #
....#........#####.######..##.# #
....#........'.O@...........#.###
#####........#####.###.##........
#........# #..##.##.....###
#####........# ##.##.##.##.##.#
.........O...# #.#.........#..
.####........# #.............#
....+........# #####..⌠...⌠..#.+
.####........# #...#.........#.#
.# *#........# #........>.......


You could see an ogre.

Vanquished Creatures
  Eustachio (D:4)
  A sky beast (D:6)
  A phantom (D:6)
  A centaur (D:6)
  4 wights (D:6)
  A howler monkey (D:5)
  2 crimson imps (D:6)
  3 hounds
  2 orc priests (D:4)
  2 centaur skeletons (D:6)
  A jelly (D:6)
  2 bullfrog skeletons
  An orc wizard (D:4)
  An iguana (D:4)
  Natasha (twice) (D:4)
  3 worker ants
  A hound zombie (D:6)
  A mummy (D:5)
  A worker ant zombie (D:6)
  8 gnolls (D:5)
  3 adders
  2 shadow imps (D:6)
  An adder zombie (D:6)
  2 oozes
  A worm (D:3)
  2 leopard geckos
  10 orcs
  A giant cockroach (D:1)
  12 goblins
  5 hobgoblins
  4 jackals
  6 kobolds
  2 ball pythons
  10 bats
  2 frilled lizards
  A giant cockroach zombie (D:6)
  A quokka skeleton (D:4)
  7 rats
111 creatures vanquished.

Notes
Turn   | Place    | Note
-------+----------+-------------------------------------------
     0 | D:1      | ReteAZ the Deep Dwarf Fighter began the quest for the Orb.
     0 | D:1      | Reached XP level 1. HP: 20/20 MP: 1/1
   250 | D:1      | Reached XP level 2. HP: 27/27 MP: 2/2
   974 | D:2      | Reached XP level 3. HP: 33/33 MP: 3/3
  1821 | D:3      | Reached XP level 4. HP: 27/40 MP: 4/4
  2019 | D:3      | Found a glowing silver altar of Zin.
  2302 | D:4      | Noticed Eustachio
  2336 | D:4      | Killed Eustachio
  2336 | D:4      | Reached XP level 5. HP: 20/46 MP: 5/5
  2360 | D:4      | Found Fooziz's Assorted Antiques.
  2415 | D:4      | Noticed Natasha
  2421 | D:4      | Reached skill level 3 in Fighting
  2428 | D:4      | Killed Natasha
  2428 | D:4      | Reached XP level 6. HP: 21/56 MP: 6/6
  2548 | D:4      | Noticed Natasha
  2560 | D:4      | Killed Natasha
  2886 | D:4      | Reached skill level 1 in Evocations
  2912 | D:4      | Found a blossoming altar of Fedhas.
  3031 | D:5      | Entered Level 5 of the Dungeon
  3036 | D:5      | Reached skill level 4 in Fighting
  3101 | D:5      | Got a pitted copper ring
  3110 | D:5      | Identified the ring of the Marlin {Str+5 Stlth-} (You found
                  | it on level 5 of the Dungeon)
  3151 | D:5      | Reached XP level 7. HP: 10/64 MP: 8/8
  3825 | D:5      | Found a snail-covered altar of Cheibriados.
  3995 | D:6      | Reached skill level 5 in Fighting
  4184 | D:6      | Found a staircase to the Ecumenical Temple.
  4200 | Temple   | Entered the Ecumenical Temple
  4271 | Temple   | Became a worshipper of Makhleb the Destroyer
  4490 | D:6      | Reached XP level 8. HP: 21/76 MP: 11/11
  4503 | D:6      | Reached skill level 6 in Fighting
  4727 | D:6      | Reached skill level 7 in Fighting
  4843 | D:6      | Got a transparent dagger
  4844 | D:6      | Identified the +6 dagger "Yvadec" {pierce, +Fly MP+9 Str+4
                  | Dex-3} (You found it on level 6 of the Dungeon)
  4953 | D:6      | Slain by an ogre

Levels and vault maps discovered:
D:1:      enne_arrival_octagon_isle, layout_loops_corners
D:2:      layout_basic, first_ration
D:3:      layout_rooms, lemuel_doored_altar
D:4:      layout_basic, kennysheep_mini_moat, serial_shops, nicolae_shop_stone,
          uniq_eustachio, uniq_natasha
D:5:      corexii_shack_village, layout_loops_ring, chei_slow_surprise
D:6:      layout_basic, minmay_temple_entry_large_hall, feat_on_display
Temple:   dpeg_five_rooms_temple

Skill      XL: |  1  2  3  4  5  6  7  8 |
---------------+-------------------------+-----
Axes           | 3 4 6 |  6.5
Fighting       | 3 4 5 7 |  7.3
Armour         | 4 |  4.3
Evocations     | 1 4 |  4.6
Shields        | |  3.3

Action                   |  1- 3 |  4- 6 |  7- 9 || total
-------------------------+-------+-------+-------++-------
Melee: War axe           |   118 |     8 |       ||   126
       Whip              |       |    78 |   150 ||   228
       Dagger            |       |       |     4 ||     4
Throw: Stone             |       |     2 |       ||     2
       Throwing net      |       |       |     5 ||     5
       Boomerang         |       |       |     2 ||     2
 Abil: Evoke Berserk Rag |       |     1 |       ||     1
       Heal Wounds       |       |       |     1 ||     1
  Use: Scroll            |     2 |     2 |     9 ||    13
       Potion            |       |       |     1 ||     1
 Stab: Held in net/web   |       |       |     1 ||     1
  Eat: Chunk             |     3 |     5 |     3 ||    11
       Ration            |       |       |     1 ||     1
Armor: Scale mail        |    64 |    24 |    13 ||   101
       Ice dragon scales |       |       |    34 ||    34
Dodge: Dodged            |    49 |    12 |    21 ||    82
Block: Shield            |    65 |    30 |    54 ||   149
